 Dungeon Crawl Stone Soup version 0.27-a0-1196-g3e9cee4cb2 (webtiles) character file.

Game seed: 14668888485831482117

37214 Tocho the Fighter (level 13, 0/148 HPs)
             Began as an Ogre Fire Elementalist on May 11, 2021.
             Was a High Priest of Vehumet.
             Slain by a cane toad (6 damage)
             ... on level 5 of the Lair of Beasts on May 28, 2021.
             The game lasted 01:09:02 (25065 turns).

Tocho the Fighter (Ogre Fire Elementalist)         Turns: 25065, Time: 01:09:06

Health: 0/148      AC: 19    Str: 22    XL:     13   Next: 95%
Magic:  23/23      EV: 12    Int: 19    God:    Vehumet [*****.]
Gold:   906        SH:  0    Dex: 12    Spells: 5/30 levels left

rFire    . . .     SeeInvis .   h - +5 great mace (protect)
rCold    . . .     Faith    .   (shield currently unavailable)
rNeg     . . .     Spirit   .   k - +0 robe of the Dragon {Dex+3}
rPois    .         Reflect  .   C - +0 hat
rElec    .         Harm     .   G - +2 cloak {Stlth+}
rCorr    .         Rampage  .   (gloves unavailable)
Will     +....                  (boots unavailable)
Stlth    +++.......             o - amulet of regeneration
HPRegen  1.34/turn              F - +6 ring of strength
MPRegen  0.18/turn              x - +4 ring of protection

@: lethally poisoned (0 -> -11), under a protective aura
A: large, unfitting armour, tough skin 1, iridescent scales 1, low mp 1
a: Renounce Religion


You were on level 5 of the Lair of Beasts.
You worshipped Vehumet.
Vehumet was extremely pleased with you.
You visited 2 branches of the dungeon, and saw 15 of its levels.

You collected 906 gold pieces.

Inventory:

Hand Weapons
 h - a +5 great mace of protection (weapon)
Missiles
 f - 500 stones
 g - 28 poisoned darts
 z - 4 boomerangs of dispersal
 R - 7 curare-tipped darts
Armour
 a - a +0 robe
 k - the +0 robe of the Dragon (worn) {Dex+3}
   (You found it on level 4 of the Lair of Beasts)

   It affects your dexterity (+3).
 u - the +2 ratskin cloak {*Rats rPois rN+ Str-1 Int-1 Dex+1}
   (You found it on level 5 of the Dungeon)

   It affects your strength (-1).
   It affects your intelligence (-1).
   It affects your dexterity (+1).
   It protects you from poison.
   It protects you from negative energy.
 y - a +0 cloak
 C - a +0 hat (worn)
 G - a +2 cloak of stealth (worn)
Jewellery
 d - a +4 ring of protection
 e - a ring of willpower
 i - a +4 ring of evasion
 j - a ring of protection from cold
 m - a ring of see invisible
 o - an amulet of regeneration (around neck)
 x - a +4 ring of protection (right hand)
 F - a +6 ring of strength (left hand)
 J - an amulet of reflection
 N - a ring of positive energy
 S - an amulet of faith
Wands
 c - a wand of digging (3)
 v - a wand of paralysis (7)
 E - a wand of polymorph (12)
Scrolls
 b - 3 scrolls of vulnerability
 l - 2 scrolls of silence
 p - 3 scrolls of fog
 q - 4 scrolls of immolation
 r - 4 scrolls of teleportation
 s - 3 scrolls of amnesia
 t - a scroll of brand weapon
 w - 4 scrolls of noise
 A - 2 scrolls of fear
 B - 2 scrolls of magic mapping
 H - a scroll of holy word
 Q - a scroll of blinking
Potions
 D - 2 potions of flight
 K - a potion of mutation
 L - a potion of brilliance
 M - a potion of degeneration {unknown}
 O - 2 potions of ambrosia {unknown}
 P - a potion of lignification


   Skills:
 * Level 14.4 Fighting
 + Level 11.5 Maces & Flails
 + Level 7.3 Dodging
 - Level 2.0 Stealth
 + Level 9.3 Spellcasting
 + Level 6.8 Conjurations
 * Level 7.4 Fire Magic
 + Level 2.1 Air Magic
 + Level 4.4 Earth Magic


You had 5 spell levels left.
You knew the following spells:

 Your Spells              Type           Power      Damage    Failure   Level
a - Foxfire               Conj/Fire      100%       2x1d9     1%          1
b - Inner Flame           Hex/Fire       23%        N/A       1%          3
c - Searing Ray           Conj           68%        3d5       1%          2
d - Sandblast             Erth           50%        2d12      1%          1
e - Shock                 Conj/Air       100%       1d9       1%          1
f - Fireball              Conj/Fire      18%        3d9       3%          5
g - Stone Arrow           Conj/Erth      60%        3d10      1%          3
h - Fulminant Prism       Conj/Hex       10%        3d9       5%          4
i - Lightning Bolt        Conj/Air       12%        1d26      10%         5

Your spell library contained the following spells:

 Spells                   Type           Power      Damage    Failure   Level
 Orb of Destruction       Conj           17%        9d8       67%         7
 Conjure Flame            Conj/Fire      36%        6-21      1%          3
 Sticky Flame             Conj/Fire      36%        2d6       1%          4
 Passwall                 Tmut/Erth      14%        N/A       4%          2
 Corona                   Hex            8%         N/A       9%          1
 Summon Small Mammal      Summ           32%        N/A       9%          1
 Lee's Rapid Deconstruct  Erth           12%        3d10*     10%         5
 Call Imp                 Summ           8%         N/A       12%         2
 Slow                     Hex            8%         N/A       12%         2
 Call Canine Familiar     Summ           8%         N/A       24%         3
 Portal Projectile        Hex/Tloc       16%        N/A       24%         3
 Summon Guardian Golem    Hex/Summ       8%         N/A       24%         3
 Leda's Liquefaction      Hex/Erth       8%         N/A       32%         4
 Petrify                  Tmut/Erth      17%        N/A       32%         4
 Summon Lightning Spire   Summ/Air       12%        N/A       45%         4
 Cause Fear               Hex            4%         N/A       63%         4
 Summon Ice Beast         Ice/Summ       8%         N/A       63%         4


Dungeon Overview and Level Annotations

Branches:
Dungeon (9/15)             Temple (0/1) D:4            Lair (6/6) D:9
 Shoals (0/4) Lair:4        Snake (0/4) Lair:4
  Slime: Lair:5-6       Orc: D:9-12

Altars:
Cheibriados
Dithmenos
Fedhas
Gozag
Nemelex Xobeh
Okawaru
Qazlal
Trog
Uskayaw
Vehumet
Xom
Yredelemnul

Annotations:
D:6 2 transporters, porpoise's ghost, novice DsWn
Lair:5 2 transporters, robertstho's ghost, journeyman DjFE


Innate Abilities, Weirdness & Mutations

You are too large for most types of armour.
You have tough skin. (AC +1)
You are partially covered in iridescent scales. (AC +2)
Your magical capacity is low. (-10% MP)


Message History

The bullfrog is almost dead.
You feel very sick. The wolf bites you.
* * * LOW HITPOINT WARNING * * *
The bullfrog hits you but does no damage.
The cane toad stings you!
* * * LOW HITPOINT WARNING * * *
You are more poisoned.
The cane toad poisons you! The wolf closely misses you.
The bullfrog hits you but does no damage.
The cane toad barely misses you.
You hit the bullfrog.
You kill the bullfrog!
Vehumet accepts your kill.
You feel very sick. The wolf closely misses you.
The wolf bites you but does no damage. The cane toad closely misses you.
You feel much better.
You feel very sick. The wolf bites you. The cane toad stings you!
* * * LOW HITPOINT WARNING * * *
The wolf bites you but does no damage.
You thump the wolf!
The wolf is severely wounded.
You feel very sick. The wolf bites you.
* * * LOW HITPOINT WARNING * * *
The cane toad stings you!
* * * LOW HITPOINT WARNING * * *
You are more poisoned.
The cane toad poisons you! The wolf bites you but does no damage.
The cane toad stings you.
* * * LOW HITPOINT WARNING * * *
You sock the wolf!
You kill the wolf!
Vehumet accepts your kill.
* * * LOW HITPOINT WARNING * * *
You feel extremely sick. The cane toad stings you.
You die...

###.......................
##.......................
#........................
#........................
#.......###......#...#...
##....P#.##.......#####..
#....................##.
#....#.F.......#......##
###......@†##....'......##
#.....[P#####......#....#P
##........##......##...###
##...............##...##.
###..............##.....##
#................#.#.#..#.
##........................
#................).......
##.......................


You could see a cane toad.

Vanquished Creatures
  A boulder beetle (Lair:5)
  6 hydras
  A two-headed ogre (D:9)
  4 death yaks
  Pikel (D:8)
  2 oklob plants
  Maurice (D:8)
  7 black mambas
  2 merfolk sirens (Lair:4)
  12 cane toads
  2 rime drakes
  2 komodo dragons
  2 merfolk (Lair:4)
  A hornet (D:7)
  3 trolls
  A polar bear (Lair:5)
  Prince Ribbit (D:8)
  14 blink frogs
  4 dream sheep (Lair:5)
  A wraith (D:8)
  8 wyverns
  3 basilisks
  35 yaks
  Grum (D:9)
  A steam dragon (D:8)
  A vampire mosquito (Lair:6)
  2 wargs (D:9)
  Edmund (D:5)
  19 water moccasins
  5 orc warriors
  An ice beast (D:5)
  2 necrophages
  6 black bears
  An ogre (D:7)
  4 boggarts (Lair:5)
  3 centaurs
  16 wolves
  2 phantoms (D:5)
  13 bullfrogs
  2 gnoll sergeants (D:9)
  3 scorpions
  A water moccasin zombie (D:6)
  2 water moccasin skeletons
  8 killer bees (D:8)
  5 centaur zombies
  3 bullfrog zombies
  3 hounds
  3 jellies
  3 orc priests (D:9)
  3 hell rats (D:5)
  A scorpion zombie (D:5)
  An iguana (D:4)
  9 orc wizards
  A killer bee zombie (D:6)
  2 hound skeletons (D:4)
  11 gnolls
  2 adders
  4 river rats (D:5)
  A shadow imp (D:8)
  13 white imps
  An adder skeleton (D:4)
  A worm (D:3)
  2 dart slugs
  21 orcs
  3 ball pythons
  3 bats
  6 endoplasms
  7 giant cockroaches
  5 goblins
  7 hobgoblins
  2 jackals (D:3)
  4 quokkas
  4 frilled lizards
  4 kobolds
  19 rats
  A spectral orc (D:5)
363 creatures vanquished.

Vanquished Creatures (collateral kills)
  A foxfire (Lair:5)
1 creature vanquished.

Vanquished Creatures (others)
  A bush (Lair:4)
  410 foxfires
  35 fungi
  85 plants
531 creatures vanquished.

Grand Total: 895 creatures vanquished

Notes
Turn   | Place    | Note
-------+----------+-------------------------------------------
     0 | D:1      | Tocho the Ogre Fire Elementalist began the quest for the
                  | Orb.
     0 | D:1      | Reached XP level 1. HP: 16/16 MP: 3/3
   750 | D:1      | Reached XP level 2. HP: 26/26 MP: 5/5
   853 | D:1      | Reached skill level 1 in Conjurations
  1233 | D:1      | Reached skill level 1 in Fighting
  1423 | D:2      | Reached XP level 3. HP: 32/33 MP: 1/6
  1721 | D:2      | Upgraded the game from 0.27-a0-1147-gb3d8e82157 to
                  | 0.27-a0-1196-g3e9cee4cb2
  1754 | D:2      | Reached skill level 1 in Maces & Flails
  2150 | D:2      | Reached skill level 2 in Fighting
  2150 | D:2      | Reached XP level 4. HP: 42/42 MP: 2/8
  2446 | D:2      | Learned a level 3 spell: Inner Flame
  2451 | D:2      | Learned a level 4 spell: Sticky Flame
  2577 | D:2      | Noticed a bullfrog
  2589 | D:2      | Killed a bullfrog
  2590 | D:2      | Reached skill level 3 in Fighting
  2590 | D:2      | Reached XP level 5. HP: 36/53 MP: 9/9
  2690 | D:2      | Found a faded altar of an unknown god.
  4097 | D:4      | Found a radiant altar of Vehumet.
  4113 | D:4      | Became a worshipper of Vehumet
  4156 | D:4      | Found a staircase to the Ecumenical Temple.
  4225 | D:4      | Learned a level 1 spell: Sandblast
  4238 | D:4      | Reached XP level 6. HP: 61/61 MP: 8/10
  4302 | D:4      | Reached skill level 4 in Fighting
  4913 | D:4      | Found a shimmering altar of Xom.
  5239 | D:4      | Gained mutation: You are partially covered in iridescent
                  | scales. (AC +2) [potion of mutation]
  5239 | D:4      | Gained mutation: Your magical capacity is low. (-10% MP)
                  | [potion of mutation]
  5389 | D:5      | Entered Level 5 of the Dungeon
  5419 | D:5      | Reached XP level 7. HP: 18/71 MP: 3/11
  5478 | D:4      | Reached skill level 5 in Fighting
  6259 | D:5      | Found a sparkling altar of Nemelex Xobeh.
  6266 | D:5      | Found an opulent altar of Gozag.
  6280 | D:5      | Reached XP level 8. HP: 37/83 MP: 11/13
  6688 | D:5      | Found an iron altar of Okawaru.
  6688 | D:5      | Found a bloodstained altar of Trog.
  6717 | D:5      | Reached skill level 6 in Fighting
  7021 | D:5      | HP: 1/69 [hell rat (3)]
  7628 | D:5      | Noticed Edmund
  7655 | D:5      | Killed Edmund
  8290 | D:5      | Reached * piety under Vehumet
  8290 | D:5      | Offered knowledge of Shock by Vehumet.
  8591 | D:5      | Found a basalt altar of Yredelemnul.
  8801 | D:5      | Found the +2 ratskin cloak {*Rats rPois rN+ Str-1 Int-1
                  | Dex+1}
  8899 | D:6      | Reached skill level 7 in Fighting
  8944 | D:6      | Reached skill level 5 in Spellcasting
  8991 | D:6      | Noticed a troll
  9005 | D:6      | Killed a troll
  9006 | D:6      | Reached XP level 9. HP: 27/93 MP: 9/15
  9296 | D:6      | Learned a level 1 spell: Shock
  9302 | D:6      | Learned a level 5 spell: Fireball
  9306 | D:6      | Learned a level 3 spell: Stone Arrow
  9363 | D:6      | Identified the +5 scale mail of Satisfaction {rPois rF-
                  | rCorr Int+5}
  9389 | D:6      | Identified the +4 kite shield "Telah" {rPois rF+}
  9406 | D:6      | Reached skill level 5 in Maces & Flails
  9720 | D:6      | Found a shadowy altar of Dithmenos.
  9936 | D:6      | Found a transporter.
  9936 | D:6      | Found a transporter.
 10039 | D:6      | Noticed porpoise's ghost (novice DsWn)
 10108 | D:7      | Noticed a hornet
 10115 | D:7      | Killed a hornet
 10116 | D:7      | Reached skill level 1 in Earth Magic
 10119 | D:7      | Reached skill level 8 in Fighting
 10159 | D:7      | Found a hide-covered altar of Uskayaw.
 10824 | D:7      | Found a snail-covered altar of Cheibriados.
 11000 | D:8      | Found a stormy altar of Qazlal.
 11334 | D:8      | Reached skill level 9 in Fighting
 11439 | D:8      | Reached XP level 10. HP: 35/107 MP: 13/17
 12227 | D:8      | Noticed Prince Ribbit
 12240 | D:8      | Killed Prince Ribbit
 12455 | D:8      | Offered knowledge of Searing Ray by Vehumet.
 12464 | D:8      | Learned a level 2 spell: Searing Ray
 12479 | D:8      | Reached ** piety under Vehumet
 12540 | D:8      | Noticed Pikel
 12565 | D:8      | Killed Pikel
 12579 | D:8      | Reached skill level 5 in Dodging
 12898 | D:8      | Noticed Maurice
 12910 | D:8      | Killed Maurice
 13244 | D:9      | Found a blossoming altar of Fedhas.
 13532 | D:8      | HP: 5/110 [poisoned by an orc wizard]
 13536 | D:8      | HP: 2/165 [poisoned by an orc wizard]
 13980 | D:9      | Reached skill level 10 in Fighting
 14230 | D:9      | Noticed a two-headed ogre
 14430 | D:9      | Killed a two-headed ogre
 14431 | D:9      | Reached XP level 11. HP: 79/119 MP: 4/19
 14712 | D:9      | Found a staircase to the Lair.
 14955 | D:9      | Offered knowledge of Frozen Ramparts by Vehumet.
 15129 | D:9      | Noticed Grum
 15133 | D:9      | Reached skill level 5 in Conjurations
 15143 | D:9      | Killed Grum
 15143 | D:9      | Reached *** piety under Vehumet
 15335 | Lair:1   | Entered Level 1 of the Lair of Beasts
 15800 | Lair:1   | Noticed a four-headed hydra
 15804 | Lair:1   | Killed a four-headed hydra
 15819 | Lair:1   | Noticed an eight-headed hydra
 16308 | Lair:1   | Killed an eight-headed hydra
 16309 | Lair:1   | Reached skill level 11 in Fighting
 16317 | Lair:1   | Reached skill level 1 in Air Magic
 17462 | Lair:1   | Noticed an oklob plant
 18598 | Lair:1   | Killed an oklob plant
 18678 | Lair:2   | Reached XP level 12. HP: 131/131 MP: 14/21
 18912 | Lair:2   | Reached skill level 5 in Fire Magic
 19250 | Lair:2   | Offered knowledge of Fulminant Prism by Vehumet.
 19262 | Lair:2   | Reached skill level 12 in Fighting
 19460 | Lair:2   | Noticed an eight-headed hydra
 19467 | Lair:2   | Killed an eight-headed hydra
 20479 | Lair:3   | Noticed an eight-headed hydra
 20484 | Lair:3   | Killed an eight-headed hydra
 20545 | Lair:3   | Learned a level 4 spell: Fulminant Prism
 21672 | Lair:4   | Reached skill level 10 in Maces & Flails
 21882 | Lair:4   | Found a staircase to the Shoals.
 21884 | Lair:4   | Identified the +0 robe of the Dragon {Dex+3}
 22024 | Lair:4   | Noticed a four-headed hydra
 22036 | Lair:4   | Killed a four-headed hydra
 22171 | Lair:4   | Reached XP level 13. HP: 127/141 MP: 6/23
 22382 | Lair:3   | Reached skill level 13 in Fighting
 22396 | Lair:3   | Reached **** piety under Vehumet
 22549 | Lair:4   | Offered knowledge of Lightning Bolt by Vehumet.
 22577 | Lair:4   | Learned a level 5 spell: Lightning Bolt
 22956 | Lair:4   | Found a staircase to the Snake Pit.
 23488 | Lair:5   | Found a transporter.
 23488 | Lair:5   | Found a transporter.
 23496 | Lair:5   | Noticed robertstho's ghost (journeyman DjFE)
 23825 | Lair:5   | Reached skill level 14 in Fighting
 23856 | Lair:5   | Reached ***** piety under Vehumet
 23882 | Lair:5   | Offered knowledge of Orb of Destruction by Vehumet.
 24088 | Lair:5   | Found a frozen archway.
 24630 | Lair:6   | Entered Level 6 of the Lair of Beasts
 25065 | Lair:5   | HP: 6/148 [poisoned by a cane toad]
 25065 | Lair:5   | Slain by a cane toad

Illustrated notes

Levels and vault maps discovered:
D:1:      grunt_arrival_crossed_arrows, layout_basic
D:2:      layout_rooms, basic_ecumenical_altar
D:3:      layout_loops_cross, corner_web_ring
D:4:      layout_loops_ring, old_standard_altar, lemuel_doored_altar,
          minmay_temple_entry_waves, kennysheep_flooded_box, grunt_tough_drop
D:5:      wander_guarded_unrand_ratskin, layout_rooms,
          grunt_temple_overflow_open, yredelemnul_forgotten_temple_becter,
          hangedman_abyss_or_decor_slice, hangedman_decor_slide_cut, uniq_edmund
D:6:      layout_rooms, kennysheep_mini, gammafunk_ghost_gnarly_gnolls,
          minmay_misc_feat_doors
D:7:      layout_cave_pools, nicolae_uskayaw_dance_hall, lemuel_tele_altar
D:8:      layout_loops_ring, kennysheep_mini_moat, minmay_misc_feat_encased,
          uniq_maurice, uniq_prince_ribbit1, uniq_pikel
D:9:      layout_rooms, fedhas_altar_2, erik_lair_orcish_takeover,
          kennysheep_decorative_pillar, chequers_serial_rivers_micro_e,
          moated_statue, corexii_leaking_fountain, minmay_holes, minivault_14,
          minmay_misc_feat_cross, uniq_grum
Lair:1:   layout_roguey, serial_bayou_shore_b, minmay_lair_oklob_chamber,
          lemuel_fruit_tree
Lair:2:   layout_layer_cave
Lair:3:   layout_loops_ring
Lair:4:   layout_small_grid, elwin_shoals_entry_stream,
          minmay_snake_entry_six_corridors, st_stairs_10
Lair:5:   layout_regular_city, gammafunk_ghost_hive, portal_ice_cave_entry_imps,
          kilobyte_rumbling_trees
Lair:6:   minmay_lair_end_frog_pond, layout_cave_pods, slime_altar_1

Skill      XL: |  1  2  3  4  5  6  7  8  9 10 11 12 13 |
---------------+----------------------------------------+-----
Conjurations   | 1 2 3 4 5 6 |  6.8
Fighting       | 1 2 3 4 5 7 9 10 11 12 14 | 14.4
Stealth        | 2 |  2.0
Fire Magic     | 3 4 6 7 |  7.4
Maces & Flails | 1 2 3 4 6 8 9 10 11 | 11.5
Dodging        | 2 3 4 5 6 7 |  7.3
Spellcasting   | 3 4 5 6 7 8 9 |  9.3
Earth Magic    | 1 2 3 4 |  4.4
Air Magic      | 1 2 |  2.1

Action                   |  1- 3 |  4- 6 |  7- 9 | 10-12 | 13-15 || total
-------------------------+-------+-------+-------+-------+-------++-------
Melee: Short sword       |     9 |       |       |       |       ||     9
       Unarmed           |     6 |       |       |       |       ||     6
       Great mace        |    26 |   113 |   158 |   315 |   284 ||   896
 Cast: Foxfire           |    55 |    40 |   142 |     1 |     1 ||   239
       Sandblast         |       |     4 |     6 |       |       ||    10
       Stone Arrow       |       |       |    22 |    94 |     5 ||   121
       Fireball          |       |       |       |    36 |    17 ||    53
       Shock             |       |       |       |    69 |     4 ||    73
       Searing Ray       |       |       |       |    16 |       ||    16
       Lightning Bolt    |       |       |       |       |     4 ||     4
  Use: Scroll            |       |     4 |     9 |     7 |     4 ||    24
       Potion            |       |     3 |     3 |     7 |     3 ||    16
 Stab: Sleeping          |     4 |     1 |     1 |     3 |     1 ||    10
       Distracted        |       |     1 |       |       |       ||     1
Armor: Robe              |    16 |    60 |   111 |   217 |   200 ||   604
Dodge: Dodged            |    13 |    89 |   145 |   230 |   273 ||   750

Table legend: (Time is in decaauts)
 A = Elapsed time spent in this place.
 B = Non-inter-level travel time spent in this place.
 C = Inter-level travel time spent in this place.
 D = Time resting spent in this place.
 E = Time spent auto-exploring this place.
 F = Levels seen in this place.
 G = Mean time per level.
                   A        B        C        D        E       F      G
               +--------+--------+--------+--------+--------+-----+--------+
         Total |  25368 |  24905 |    463 |  10258 |  10181 |  15 | 1691.2 |
       Dungeon |  16825 |  16486 |    339 |   7914 |   6048 |   9 | 1869.4 |
          Lair |   8542 |   8418 |    124 |   2344 |   4132 |   6 | 1423.7 |
               +--------+--------+--------+--------+--------+-----+--------+

Top non-repeatable levels by time:
     D:8: 2973 daAuts
     D:9: 2751 daAuts
     D:5: 2587 daAuts
     D:4: 2332 daAuts
  Lair:1: 2061 daAuts
  Lair:3: 1976 daAuts
  Lair:5: 1555 daAuts
  Lair:2: 1498 daAuts
     D:1: 1415 daAuts
  Lair:4: 1405 daAuts
     D:2: 1338 daAuts
     D:3: 1299 daAuts
     D:6: 1252 daAuts
     D:7: 874 daAuts
  Lair:6: 45 daAuts
